 Dungeon Crawl Stone Soup version 0.29-a0-350-g7790a0e70a (webtiles) character file.

Game seed: 16409566805482995871

1388 Leaviq the Slasher (level 8, -7/62 (66) HPs)
             Began as a Demigod Summoner on Apr 22, 2022.
             Mangled by a wight
             ... wielding a +4 great sword
              (12 damage)
             ... on level 6 of the Dungeon.
             The game lasted 00:12:28 (5560 turns).

Leaviq the Slasher (Demigod Summoner)               Turns: 5560, Time: 00:12:28

HP:   -7/62 (66)    AC:  8    Str:  9    XL:     8   Next: 17%
MP:   22/24         EV: 10    Int: 25    God:
Gold: 321           SH:  0    Dex: 14    Spells: 10/13 levels left

rFire   . . .      SeeInvis .   q - +1 dagger (elec)
rCold   . . .      Faith    .   (no shield)
rNeg    . . .      Spirit   .   c - +0 ring mail
rPois   .          Reflect  .   j - +1 helmet
rElec   .          Harm     .   (no cloak)
rCorr   .          Rampage  .   (no gloves)
Will    .....                   h - +0 pair of boots
Stlth   +.........              e - amulet of regeneration
HPRegen 1.00/turn               u - ring of magical power
MPRegen 0.19/turn               (no ring)

@: drained
A: high MP 1, forlorn, divine attributes
a: no special abilities


You were on level 6 of the Dungeon.
You visited 1 branch of the dungeon, and saw 6 of its levels.

You collected 321 gold pieces.

Inventory:

Hand Weapons
 o - a +0 dagger of venom
   (You found it on level 2 of the Dungeon)
 q - a +1 dagger of electrocution (weapon)
   (You took it off Jessica on level 2 of the Dungeon)
 s - a +2 long sword of electrocution
   (You found it on level 2 of the Dungeon)
Armour
 c - a +0 ring mail (worn)
   (You found it on level 1 of the Dungeon)
 h - a +0 pair of boots (worn)
   (You found it on level 3 of the Dungeon)
 j - a +1 helmet (worn)
   (You took it off Robin on level 2 of the Dungeon)
 w - a +1 robe of cold resistance
   (You found it on level 4 of the Dungeon)
Jewellery
 e - an amulet of regeneration (around neck)
   (You found it on level 1 of the Dungeon)
 u - a ring of magical power (left hand)
   (You found it on level 3 of the Dungeon)
 v - a ring of fire
   (You found it on level 4 of the Dungeon)
Wands
 d - a wand of iceblast (10)
   (You found it on level 5 of the Dungeon)
Scrolls
 f - a scroll of enchant armour {unknown}
 m - 2 scrolls of enchant weapon {unknown}
 n - 2 scrolls of fog {unknown}
 t - 2 scrolls of identify {@r1}
 x - a scroll of fear {unknown}
 y - a scroll of amnesia {unknown}
 z - 5 scrolls of teleportation {@r4}
 A - 2 scrolls of immolation {unknown}
 B - a scroll of brand weapon {unknown}
Potions
 a - a potion of lignification {unknown}
 b - 2 potions of magic
 g - 2 potions of cancellation {unknown}
 i - 2 potions of attraction {unknown}
 k - 4 potions of curing {@q1}
 l - a potion of resistance {unknown}
 p - a potion of ambrosia {unknown}
 r - a potion of berserk rage {unknown}


   Skills:
 - Level 4.0 Fighting
 + Level 6.3 Long Blades
 - Level 1.7 Dodging
 - Level 1.7 Stealth
 - Level 3.0 Spellcasting
 - Level 6.0 Summonings


You had 10 spell levels left.
You knew the following spells:

 Your Spells              Type           Power      Damage    Failure   Level
a - Summon Small Mammal   Summ           100%       N/A       2%          1
x - Call Imp              Summ           33%        N/A       3%          2

Your spell library contained the following spells:

 Spells                   Type           Power      Damage    Failure   Level
 Call Canine Familiar     Summ           33%        N/A       7%          3
 Summon Guardian Golem    Hex/Summ       18%        N/A       24%         3
 Animate Skeleton         Necr           6%         N/A       28%         1
 Apportation              Tloc           6%         N/A       28%         1
 Conjure Flame            Conj/Fire      3%         6-21      63%         3
 Ignite Poison            Fire/Tmut/Pois 3%         N/A       63%         3
 Portal Projectile        Hex/Tloc       6%         N/A       63%         3
 Summon Lightning Spire   Summ/Air       18%        N/A       63%         4
 Leda's Liquefaction      Hex/Erth       1%         N/A       95%         4
 Sticky Flame             Conj/Fire      3%         2d3       95%         4


Dungeon Overview and Level Annotations

Branches:
Dungeon (6/15)             Temple (0/1) D:6

Shops:
D:6 *

Annotations:
D:6 1 runed translucent door, pigah's ghost, novice OpAE


Innate Abilities, Weirdness & Mutations

You have an increased reservoir of magic. (+10% MP)
You shall have no god before yourself.
Your divine heritage dramatically boosts your attributes as you level up.


Message History

You are too injured to fight recklessly!
You are too injured to fight recklessly!
You are too injured to fight recklessly!
You are too injured to fight recklessly!
You are too injured to fight recklessly!
You hit the wight but do no damage. The wight barely misses you.
The wight hits you with a +0 spear!
You hit the wight. The wight hits you but does no damage.
The wight closely misses you.
The wight hits your white imp with a +4 great sword.
You hit the wight but do no damage.
Your white imp hits the wight but does no damage.
Your quokka bites the wight but does no damage.
You hit the wight but do no damage. The wight barely misses your white imp.
The wight closely misses you.
The wight hits your quokka with a +0 spear.
Your quokka dies!
Your quokka's corpse disappears in a puff of smoke!
Your white imp closely misses the wight.
You hit the wight but do no damage.
The wight hits your white imp with a +4 great sword!
Your white imp dies!
Your white imp disappears in a puff of smoke!
The wight barely misses you.
An orc priest comes into view. It is wielding a +0 club.
The orc priest shouts!
You hear a shout!
The wight misses you.
The wight hits you with a +4 great sword.
The wight barely misses you.
An orc comes into view. It is wielding a staff of air.
The orc priest mumbles some strange prayers to Beogh against you.
Beogh smites you!
The orc shouts!
You hit the wight but do no damage. Lightning courses through the wight!
The wight hits you with a +0 spear.
* * * LOW HITPOINT WARNING * * *
The wight hits you with a +4 great sword!
* * * LOW HITPOINT WARNING * * *
The wight misses you.
An orc comes into view. It is wielding a +0 flail.
As you read the scroll labelled LURIDI ZUARA, it crumbles to dust.
It is a scroll of identify.
z - 5 scrolls of teleportation The orc shouts!
The wight hits you with a +0 spear!
* * * LOW HITPOINT WARNING * * *
You feel drained.
* * * LOW HITPOINT WARNING * * *
The wight hits you with a +4 great sword!
You die...

##.#.# ## #....
#...####. .....#
##...).... ..o...
#...####..
o.....##♣ ♣##.###
#.5 .o.....###
###..# ##.
......§..###...##
#.
......z.z....###
#. ......z@§.####
## ..........#
.........##
.##.....##
#######


You could see 3 wights, an orc priest and 2 orcs.

Vanquished Creatures
  A yak (D:6)
  An orc warrior (D:4)
  An ogre (D:5)
  4 scorpions
  A necrophage (D:6)
  3 killer bees (D:5)
  2 orc priests (D:6)
  Natasha (twice) (D:2)
  An iguana (D:5)
  5 orc wizards
  4 adders
  A worm (D:5)
  15 orcs
  9 bats
  4 endoplasms
  2 giant cockroaches
  10 goblins
  3 hobgoblins (D:2)
  3 quokkas
  3 ball pythons
  6 kobolds
  5 rats
86 creatures vanquished.

Vanquished Creatures (collateral kills)
  A water moccasin (D:5)
  A scorpion (D:4)
  A howler monkey (D:4)
  Jessica (D:2)
  Robin (D:2)
  A worm (D:2)
  7 orcs
  2 endoplasms
  8 goblins
  A hobgoblin (D:2)
  A kobold (D:4)
  3 ball pythons
  2 frilled lizards (D:1)
  3 rats (D:1)
33 creatures vanquished.

Grand Total: 119 creatures vanquished

Notes
Turn   | Place    | Note
-------+----------+-------------------------------------------
     0 | D:1      | Leaviq the Demigod Summoner began the quest for the Orb.
     0 | D:1      | Reached XP level 1. HP: 14/14 MP: 5/5
   524 | D:1      | Reached XP level 2. HP: 20/20 MP: 7/7
   794 | D:1      | Learned a level 2 spell: Call Imp
  1390 | D:2      | Noticed Robin
  1393 | D:2      | Noticed Natasha
  1409 | D:2      | Killed Natasha
  1410 | D:2      | Reached XP level 3. HP: 26/26 MP: 3/8
  1413 | D:2      | Killed Robin
  1414 | D:2      | Reached skill level 5 in Summonings
  1809 | D:2      | Reached XP level 4. HP: 33/33 MP: 10/10
  1954 | D:2      | Noticed Natasha
  1957 | D:2      | Noticed Jessica
  1965 | D:2      | Killed Natasha
  1969 | D:2      | Killed Jessica
  2580 | D:3      | Reached skill level 1 in Fighting
  2763 | D:3      | Reached XP level 5. HP: 39/40 MP: 12/12
  3297 | D:4      | Noticed an orc warrior
  3592 | D:4      | Reached skill level 1 in Long Blades
  3619 | D:4      | Killed an orc warrior
  3967 | D:5      | Entered Level 5 of the Dungeon
  4002 | D:4      | Reached XP level 6. HP: 27/49 MP: 13/13
  4281 | D:5      | Noticed a water moccasin
  4290 | D:5      | Killed a water moccasin
  4291 | D:5      | Reached XP level 7. HP: 49/57 MP: 14/14
  5224 | D:6      | Noticed a yak
  5224 | D:6      | Noticed a yak
  5224 | D:6      | Noticed a yak
  5246 | D:6      | Killed a yak
  5247 | D:6      | Reached skill level 5 in Long Blades
  5264 | D:5      | Reached XP level 8. HP: 59/66 MP: 15/15
  5299 | D:6      | Found a staircase to the Ecumenical Temple.
  5316 | D:6      | Found a runed translucent door.
  5412 | D:6      | Noticed pigah's ghost (novice OpAE)
  5456 | D:6      | Found Gozag's Platinum Reserve.
  5560 | D:6      | Mangled by a wight

Illustrated notes

Levels and vault maps discovered:
D:1:      dpeg_arrival_houses_and_road, layout_basic
D:2:      layout_basic, kennysheep_donut, skrybe_limestone_x, uniq_natasha,
          uniq_jessica, uniq_robin
D:3:      layout_loops_ring, minivault_14
D:4:      layout_cave_pools, dreamdust_princess_bridge
D:5:      layout_rooms
D:6:      cheibrodos_iron_armory, layout_rooms, nicolae_gozag_zags_fifth_avenue,
          minmay_temple_entry_grid, ebering_ghost_reflecting_pool,
          uniq_crazy_yiuf_cottage

Skill      XL: |  1  2  3  4  5  6  7  8 |
---------------+-------------------------+-----
Summonings     | 4 5 6 |  6.0
Spellcasting   | 2 3 |  3.0
Fighting       | 1 2 3 4 |  4.0
Long Blades    | 2 5 6 |  6.3
Dodging        | |  1.7
Stealth        | |  1.7

Action                   |  1- 3 |  4- 6 |  7- 9 || total
-------------------------+-------+-------+-------++-------
Melee: Unarmed           |    12 |       |       ||    12
       Rapier            |    64 |    10 |       ||    74
       Club              |     2 |       |       ||     2
       Punch             |     1 |     1 |       ||     2
       Dagger            |       |   155 |    88 ||   243
 Cast: Summon Small Mamm |     5 |     4 |     4 ||    13
       Call Imp          |     4 |    16 |    14 ||    34
Evoke: Wand              |       |       |     6 ||     6
  Use: Potion            |       |       |     1 ||     1
       Scroll            |       |       |     1 ||     1
 Stab: Sleeping          |     4 |     1 |       ||     5
       Distracted        |       |     1 |     1 ||     2
Armor: Robe              |    21 |     7 |       ||    28
       Ring mail         |       |    49 |    47 ||    96
Dodge: Dodged            |    53 |    87 |    54 ||   194

Table legend: (Time is in decaauts)
 A = Elapsed time spent in this place.
 B = Non-inter-level travel time spent in this place.
 C = Inter-level travel time spent in this place.
 D = Time resting spent in this place.
 E = Time spent auto-exploring this place.
 F = Levels seen in this place.
 G = Mean time per level.
                   A        B        C        D        E       F      G
               +--------+--------+--------+--------+--------+-----+--------+
         Total |   5570 |   5329 |    241 |   1902 |   2388 |   6 |  928.3 |
       Dungeon |   5570 |   5329 |    241 |   1902 |   2388 |   6 |  928.3 |
               +--------+--------+--------+--------+--------+-----+--------+

Top non-repeatable levels by time:
     D:1: 1597 daAuts
     D:5: 1101 daAuts
     D:2: 978 daAuts
     D:4: 955 daAuts
     D:3: 653 daAuts
     D:6: 284 daAuts
